 Dungeon Crawl Stone Soup version 0.24-a0-498-ge00f04a389 (webtiles) character file.

Game seed: 6389210840407090037

483 Essalna the Magician (level 7, -10/39 HPs)
             Began as a Gargoyle Wizard on July 14, 2019.
             Mangled by an ogre
             ... wielding a +0 giant club
              (25 damage)
             ... on level 5 of the Dungeon.
             The game lasted 00:13:42 (4485 turns).

Essalna the Magician (Gargoyle Wizard)              Turns: 4485, Time: 00:13:43

Health: -10/39     AC:  8    Str: 16    XL:     7   Next: 12%
Magic:  11/14      EV: 12    Int: 20    God:
Gold:   199        SH:  0    Dex: 10    Spells: 15/16 levels left

rFire    + . .     SeeInvis +   y - +0 flail of Capital Punishment {elec, *Noise Str+5 Dex+2} (curse)
rCold    + + .     Gourm    .   (no shield)
rNeg     + . .     Faith    .   a - +0 robe
rPois    ∞         Spirit   .   (helmet restricted)
rElec    +         Reflect  .   c - scarf {rC+ rF+}
rCorr    .         Harm     .   (no gloves)
MR       .....                  (no boots)
Stlth    ++........             (no amulet)
HPRegen  0.13/turn              s - ring of protection from cold
MPRegen  0.14/turn              v - ring of wizardry

@: no status effects
A: horns 1, molten scales 1, see invisible, negative energy resistance 1,
electricity resistance, unbreathing, petrification resistance, rot immunity, AC
+4
a: no special abilities


You were on level 5 of the Dungeon.
You were not hungry.

You visited 1 branch of the dungeon, and saw 5 of its levels.

You collected 199 gold pieces.

Inventory:

Hand Weapons
 j - a +0 halberd
 u - a +1 hand axe of venom
 y - the cursed +0 flail of Capital Punishment (weapon) {elec, *Noise Str+5 Dex+2}
   (You found it on level 4 of the Dungeon)

   Occasionally, upon striking a foe, it will discharge some electrical energy
   and cause terrible harm.
   It affects your strength (+5).
   It affects your dexterity (+2).
   It may make noises in combat.
   It has a curse placed upon it.
Armour
 a - a +0 robe (worn)
 b - a +0 hat
 c - a scarf of resistance (worn)
 k - a +0 helmet
 r - a +2 leather armour of poison resistance
Jewellery
 h - a +4 ring of protection
 s - a ring of protection from cold (left hand)
 v - a ring of wizardry (right hand)
Scrolls
 e - 3 scrolls of fear {unknown}
 f - 2 scrolls of teleportation {unknown}
 l - 5 scrolls of identify {unknown}
 n - 2 scrolls of enchant armour {unknown}
 o - 4 scrolls of remove curse {unknown}
 q - a scroll of blinking {unknown}
 w - a scroll of immolation {unknown}
Potions
 g - a potion of mutation
 i - a potion of brilliance
 m - a potion of lignification {unknown}
 p - a potion of might {unknown}
 x - a potion of flight {unknown}
Comestibles
 d - 4 rations
 t - a chunk of flesh


   Skills:
 + Level 1.9 Fighting
 + Level 2.2 Dodging
 - Level 2.1 Stealth
 + Level 5.2 Spellcasting
 + Level 5.1 Conjurations
   Level 0.8 Summonings
   Level 0.8 Translocations


You had 15 spell levels left.
You knew the following spells:

 Your Spells              Type           Power        Failure   Level  Hunger
a - Magic Dart            Conj           ####         1%          1    None

Your spell library contained the following spells:

 Spells                   Type           Power        Failure   Level  Hunger
 Blink                    Tloc           N/A          4%          2    None
 Call Imp                 Summ           #.......     4%          2    None
 Conjure Flame            Conj/Fire      ###.....     4%          3    ##.....
 Slow                     Hex            #.......     7%          2    None
 Mephitic Cloud           Conj/Pois/Air  ##......     7%          3    ##.....


Dungeon Overview and Level Annotations

Branches:
Dungeon (5/15)
 Temple: D:4-7

Altars:
Makhleb
Okawaru
Qazlal
Ru
Uskayaw

Annotations:
D:4 2 transporters


Innate Abilities, Weirdness & Mutations

You are resistant to torment.
Your stone body is resilient. (AC +4)
You are immune to poison.
You resist negative energy. (rN+)
You are resistant to electric shocks. (rElec)
You can survive without breathing.
You are immune to petrification.
You are immune to rotting.
You have a pair of small horns on your head.
You are partially covered in molten scales. (AC +2)
You have supernaturally acute eyesight. (SInv)


Message History

Aiming: Magic Dart (safe; 1% risk of failure)
Press: ? - help, Shift-Dir - straight line, f/p - ogre
Aim: an ogre, wielding a +0 giant club (lightly wounded)
The magic dart hits the ogre.
The ogre is moderately wounded.
Casting: Magic Dart (safe; 1% risk of failure)
Confirm with . or Enter, or press ? or * to list all spells.
Aiming: Magic Dart (safe; 1% risk of failure)
Press: ? - help, Shift-Dir - straight line, f/p - ogre
Aim: an ogre, wielding a +0 giant club (moderately wounded)
The magic dart hits the ogre.
The ogre is heavily wounded.
Unknown command.
You barely miss the ogre.
The ogre is heavily wounded.
The ogre hits you with a +0 giant club!!
Ouch! That really hurt!
The ogre hits you with a +0 giant club!!
Ouch! That really hurt!
You die...

######.####.##...<..#####
..........##.#####.###
#######.#.##.......#
#.#.##.......#
#......####### ###.####
#÷# #.# #@# #O# ... .###.
.. .# .# # #. #


You could see an ogre.

Vanquished Creatures
  2 ogres (D:4)
  A hound (D:4)
  An orc wizard (D:2)
  An iguana (D:5)
  4 worker ants
  Natasha (D:3)
  3 adders
  A gnoll (D:1)
  An adder zombie (D:4)
  A worm (D:2)
  A dart slug (D:2)
  2 leopard geckos (D:1)
  9 orcs
  2 giant cockroaches
  3 hobgoblins (D:3)
  2 jackals (D:1)
  A quokka (D:2)
  2 ball pythons (D:3)
  8 bats
  4 frilled lizards
  8 goblins
  12 kobolds
  8 rats
78 creatures vanquished.

Notes
Turn   | Place    | Note
-------+----------+-------------------------------------------
     0 | D:1      | Essalna the Gargoyle Wizard began the quest for the Orb.
     0 | D:1      | Reached XP level 1. HP: 10/10 MP: 4/4
   226 | D:1      | Reached XP level 2. HP: 7/15 MP: 0/6
   750 | D:1      | Reached XP level 3. HP: 8/19 MP: 0/8
  1917 | D:3      | Found a sacrificial altar of Ru.
  1917 | D:3      | Found a burning altar of Makhleb.
  2008 | D:3      | Reached XP level 4. HP: 24/24 MP: 4/9
  2842 | D:3      | Noticed Natasha
  2849 | D:3      | Reached XP level 5. HP: 5/28 MP: 11/11
  2851 | D:3      | Gained mutation: You have a pair of small horns on your
                  | head. [potion of mutation]
  2851 | D:3      | Gained mutation: You have supernaturally acute eyesight.
                  | (SInv) [potion of mutation]
  2851 | D:3      | Gained mutation: You are partially covered in molten
                  | scales. (AC +2) [potion of mutation]
  2855 | D:3      | Killed Natasha
  3086 | D:4      | Noticed an ogre
  3086 | D:4      | Noticed an ogre
  3132 | D:4      | Killed an ogre
  3132 | D:4      | Reached XP level 6. HP: 15/32 MP: 10/13
  3397 | D:4      | Found an iron altar of Okawaru.
  3398 | D:4      | Noticed a shadow
  3404 | D:4      | Found a transporter.
  3415 | D:4      | Found a transporter.
  3486 | D:4      | Reached skill level 1 in Fighting
  3486 | D:4      | Reached skill level 5 in Spellcasting
  3516 | D:4      | Got a warped flail
  3517 | D:4      | Identified the cursed +0 flail of Capital Punishment {elec,
                  | *Noise Str+5 Dex+2} (You found it on level 4 of the
                  | Dungeon)
  3663 | D:4      | Reached skill level 5 in Conjurations
  3791 | D:4      | Found a stormy altar of Qazlal.
  3824 | D:4      | Reached XP level 7. HP: 38/38 MP: 14/14
  4295 | D:4      | Found a hide-covered altar of Uskayaw.
  4374 | D:5      | Entered Level 5 of the Dungeon
  4485 | D:5      | Mangled by an ogre

Levels and vault maps discovered:
D:1:      ncdulo_smallfort, layout_rooms
D:2:      layout_rooms
D:3:      kennysheep_six_static_rooms, layout_rooms,
          gammafunk_temple_overflow_statue, minmay_curled_crystal, uniq_natasha
D:4:      layout_basic, lemuel_coloured_pillars_altar,
          gammafunk_temple_overflow_arena, grunt_qazlal_sundering
D:5:      layout_loops_cross, first_ration

Skill      XL: |  1  2  3  4  5  6 |
---------------+-------------------+-----
Conjurations   | 2 3 4 5 |  5.1
Spellcasting   | 4 5 |  5.2
Fighting       | 1 |  1.9
Dodging        | 2 |  2.2
Stealth        | |  2.1
Summonings     | |  0.8
Translocations | |  0.8

Action                   |  1- 3 |  4- 6 |  7- 9 || total
-------------------------+-------+-------+-------++-------
Melee: Unarmed           |    67 |       |       ||    67
       Halberd           |    62 |    38 |       ||   100
       Hand axe          |       |    54 |       ||    54
       Headbutt          |       |    11 |     5 ||    16
       Flail             |       |    17 |    24 ||    41
 Cast: Magic Dart        |    80 |    42 |     3 ||   125
  Use: Potion            |       |     4 |       ||     4
 Stab: Sleeping          |     3 |       |       ||     3
  Eat: Chunk             |     4 |     5 |     3 ||    12
Armor: Robe              |    62 |    55 |    11 ||   128
Dodge: Dodged            |   116 |   103 |    23 ||   242

Table legend:
 A = Non-vault XP
 B = Vault XP
 C = Vault XP percentage of total XP
 D = Non-vault monster count
 E = Vault monster count
 F = Vault count percentage of total count
                 A         B        C        D         E       F
            +---------+---------+-------+---------+---------+-------
      Total |     646 |      45 |   6.5 |      71 |       7 |   9.0
            +---------+---------+-------+---------+---------+-------
        D:1 |      40 |       0 |   0.0 |      19 |       0 |   0.0
        D:2 |      76 |       0 |   0.0 |      13 |       0 |   0.0
        D:3 |      85 |      45 |  34.6 |      27 |       7 |  20.6
        D:4 |     408 |       0 |   0.0 |      11 |       0 |   0.0
        D:5 |      37 |       0 |   0.0 |       1 |       0 |   0.0
            +---------+---------+-------+---------+---------+-------
